 Dungeon Crawl Stone Soup version 0.31.0-9-g3a7656b989 (webtiles) character file.

Game seed: 6725289508739667191

151 qw the Skirmisher (level 5, 0/29 HPs)
             Began as a Deep Elf Hunter on Feb 2, 2024.
             Succumbed to their own poison gas
             ... on level 3 of the Dungeon.
             The game lasted 00:00:07 (1887 turns).

qw the Skirmisher (Deep Elf Hunter)                 Turns: 1887, Time: 00:00:07

Health: 0/29       AC:  6    Str: 12    XL:     5   Next: 11%
Magic:  7/7        EV: 26    Int: 13    God:
Gold:   194        SH:  0    Dex: 19    Spells: 4/4 levels left

rFire   . . .        a - +1 shortbow
rCold   . . .        (shield currently unavailable)
rNeg    . . .        e - +0 ring mail
rPois   .            (no helmet)
rElec   .            (no cloak)
rCorr   .            (no gloves)
SInv    .            b - +0 pair of boots
Will    .....        d - amulet of the acrobat
Stlth   +            (no ring)
HPRegen 0.24/turn    (no ring)
MPRegen 0.10/turn

%: acrobat
@: lethally poisoned (0 -> -3), acrobatic
A: hooves 1, strong 1
a: no special abilities


You were on level 3 of the Dungeon.
You visited 1 branch of the dungeon, and saw 3 of its levels.

You collected 194 gold pieces.


Innate Abilities, Weirdness & Mutations

You have large cloven feet.
Your muscles are strong. (Str +4, Int/Dex -1)


   Skills:
 - Level 1.5 Fighting
 + Level 8.5 Ranged Weapons
 - Level 2.4 Dodging
 - Level 1.2 Stealth


You had 4 spell levels left.
You didn't know any spells.
Your spell library was empty.

Inventory:

Hand Weapons
 a - a +1 shortbow (weapon)
Armour
 b - a +0 pair of boots (worn)
 e - a +0 ring mail (worn)
Jewellery
 d - an amulet of the acrobat (around neck)
Potions
 c - a potion of resistance {unknown}
 g - a potion of heal wounds
 i - a potion of mutation

Dungeon Overview and Level Annotations

Branches:
Dungeon (3/15)

Altars:
Cheibriados
Fedhas


Message History

Your +0 shortbow glows red for a moment.
Done exploring.
1878 ||| READING scroll labelled OPTABR QASO.
Blink to where?
Press: ? - help, Dir - move target, f - you
As you read the scroll labelled OPTABR QASO, it crumbles to dust.
It was a scroll of blinking.
Done exploring.
1879 ||| READING scroll labelled TIVVOKLUKOR.
The air fills with toxic fumes!
As you read the scroll labelled TIVVOKLUKOR, it crumbles to dust.
It was a scroll of poison.
Done exploring.
What level of the Dungeon? (default 3, ? - help) Sorry, I don't know how to get there.
Enter note:
Enter note:
Enter note:
Enter note:
Enter note:
Enter note:
Enter note:
Enter note:
Enter note: You are engulfed in poison gas.
You are poisoned.
You feel very sick.
1881 ||| Stepping ~*~*~tactically~*~*~ (cloud).
You feel very sick.
There is a lethal amount of poison in your body!
You feel very sick.
There is a lethal amount of poison in your body!
You feel sick.
There is a lethal amount of poison in your body!
You feel very sick.
There is a lethal amount of poison in your body!
You feel sick.
There is a lethal amount of poison in your body!
You feel sick.
There is a lethal amount of poison in your body!
You die...

#.####......#.##
#¤# #.######.# #¤#
#.# #%# #¤# #.#
#.# #0# #.######.#
#¤# #.....^#.#####
#0# ######.#......
#¤## #.#..####
#¤@# #.#..# ##¤#
#.#..#### #¤#
######........ #0#
#.......#.##._ #¤#
#.####.##.###. #¤#
#.# #.#<..##.
#0###.####.#...##.
#.................
#####.###.........


There were no monsters in sight!

Vanquished Creatures
  A scorpion (D:3)
  3 adders
  A ribbon worm (D:3)
  5 orcs (D:3)
  4 ball pythons
  4 endoplasms
  2 giant cockroaches (D:1)
  2 goblins
  6 hobgoblins
  8 jackals
  3 quokkas
  8 bats
  5 frilled lizards
  4 kobolds
56 creatures vanquished.

Notes
Turn   | Place    | Note
-------+----------+-------------------------------------------
     0 | D:1      | qw the Deep Elf Hunter began the quest for the Orb.
     0 | D:1      | Reached XP level 1. HP: 12/12 MP: 3/3
     0 | D:1      | 0 ||| qw: Version: 0.3-a-155-g5e7d8dd
     0 | D:1      | 0 ||| qw: Game counter: 1219
     0 | D:1      | 0 ||| qw: Melee chars always use a shield: true
     0 | D:1      | 0 ||| qw: God list: Okawaru
     0 | D:1      | 0 ||| qw: Allow faded altars: false
     0 | D:1      | 0 ||| qw: Do Orc after clearing Dungeon:15 true
     0 | D:1      | 0 ||| qw: Do second Lair branch before Depths: true
     0 | D:1      | 0 ||| qw: Lair rune preference: random
     0 | D:1      | 0 ||| qw: Goals: Normal
     0 | D:1      | 0 ||| PLANNING D:1-11
    64 | D:1      | HP: 3/12 [hobgoblin (3)]
   176 | D:1      | Reached XP level 2. HP: 16/16 MP: 4/4
   203 | D:1      | Reached skill level 6 in Ranged Weapons
   679 | D:1      | 679 ||| UPGRADING to amulet of the acrobat.
   684 | D:1      | 684 ||| READING 2 scrolls labelled LETI UTUS UMI.
   684 | D:1      | 684 ||| IDENTIFYING fizzy red potion
   685 | D:1      | 685 ||| READING scroll of identify.
   685 | D:1      | 685 ||| IDENTIFYING purple potion
   686 | D:1      | 686 ||| DRINKING 2 blue potions.
   687 | D:1      | 687 ||| DRINKING 2 dark potions.
   687 | D:1      | Gained mutation: You have large cloven feet. [potion of
                  | mutation]
   687 | D:1      | Gained mutation: You are dopey. (Int -2) [potion of
                  | mutation]
   687 | D:1      | Gained mutation: Your muscles are strong. (Str +4, Int/Dex
                  | -1) [potion of mutation]
   687 | D:1      | Lost mutation: You are dopey. (Int -2) [potion of mutation]
   688 | D:1      | 688 ||| DROPPING scroll of butterflies.
   689 | D:1      | 689 ||| DROPPING potion of berserk rage.
   690 | D:1      | 690 ||| DROPPING potion of attraction.
   734 | D:2      | Reached XP level 3. HP: 17/20 MP: 5/5
   743 | D:2      | HP: 5/20 [jackal (1)]
   744 | D:2      | 744 ||| DRINKING potion of heal wounds.
   972 | D:2      | Reached skill level 7 in Ranged Weapons
  1135 | D:2      | 1135 ||| UPGRADING to +0 pair of boots.
  1140 | D:2      | 1140 ||| UPGRADING to +0 ring mail.
  1150 | D:2      | 1150 ||| DROPPING +0 leather armour.
  1151 | D:2      | 1151 ||| DRINKING 2 amethyst potions.
  1152 | D:2      | 1152 ||| DRINKING fizzy silvery potion.
  1153 | D:2      | 1153 ||| DRINKING viscous white potion.
  1162 | D:2      | 1162 ||| DROPPING potion of ambrosia.
  1178 | D:3      | Found a snail-covered altar of Cheibriados.
  1284 | D:3      | Found a blossoming altar of Fedhas.
  1320 | D:3      | Reached XP level 4. HP: 25/25 MP: 6/6
  1525 | D:3      | Noticed a scorpion
  1530 | D:3      | Killed a scorpion
  1531 | D:3      | Reached skill level 8 in Ranged Weapons
  1531 | D:3      | Reached XP level 5. HP: 14/29 MP: 7/7
  1877 | D:3      | 1877 ||| READING scroll labelled ERPHI DIODUR.
  1877 | D:3      | 1877 ||| ENCHANTING +0 shortbow.
  1878 | D:3      | 1878 ||| READING scroll labelled OPTABR QASO.
  1879 | D:3      | 1879 ||| READING scroll labelled TIVVOKLUKOR.
  1881 | D:3      | 1881 ||| Stepping ~*~*~tactically~*~*~ (cloud).
  1883 | D:3      | HP: 6/29 [poisoned by you (poison gas)]
  1886 | D:3      | HP: 1/29 [poisoned by you (poison gas)]
  1887 | D:3      | Succumbed to their own poison gas

Levels and vault maps discovered:
D:1:      dpeg_arrival_rhombus, layout_loops_cross
D:2:      layout_rooms, minmay_circle_x
D:3:      layout_loops_ring, mainiacjoe_overflow_brackets,
          overflow_temple_1_default, amethyst_killhole,
          kennysheep_generic_room_9

Skill      XL: |  1  2  3  4 |
---------------+-------------+-----
Ranged Weapons | 6 7 8 |  8.5
Fighting       | |  1.5
Dodging        | |  2.4
Stealth        | |  1.2

Action                     |  1- 3 |  4- 6 || total
---------------------------+-------+-------++-------
   Fire: Shortbow          |   119 |    31 ||   150
    Use: Potion            |     6 |       ||     6
         Scroll            |     2 |     3 ||     5
 Armour: Leather armour    |    42 |       ||    42
         Ring mail         |     2 |     6 ||     8
  Dodge: Dodged            |    48 |     5 ||    53

Table legend:
 A = Non-vault XP
 B = Vault XP
 C = Vault XP percentage of total XP
 D = Non-vault monster count
 E = Vault monster count
 F = Vault count percentage of total count
                 A         B        C        D         E       F
            +---------+---------+-------+---------+---------+-------
      Total |     113 |     104 |  47.9 |      50 |       6 |  10.7
            +---------+---------+-------+---------+---------+-------
        D:1 |      38 |       0 |   0.0 |      23 |       0 |   0.0
        D:2 |      20 |      18 |  47.4 |      12 |       4 |  25.0
        D:3 |      55 |      86 |  61.0 |      15 |       2 |  11.8
            +---------+---------+-------+---------+---------+-------
